 Dungeon Sprint DCSS version 0.31-a0-986-g5e6e4ef867 (webtiles) character file.

Game seed: 10089970699018625557

1 rocky1 the Stinger (level 1, -2/15 HPs)
             Began as a Naga Venom Mage on Nov 5, 2023.
             Was an Initiate of Cheibriados.
             Slain by a gnoll
             ... wielding a +0 spear
              (7 damage)
             ... in the Dungeon (Sprint VII: "The Pits").
             The game lasted 00:01:00 (114 turns).

rocky1 the Stinger (Naga Venom Mage)                 Turns: 114, Time: 00:01:01

Health: -2/15      AC:  1    Str: 11    XL:     1   Next: 20%
Magic:  0/3        EV: 10    Int: 16    God:    Cheibriados [......]
Gold:   0          SH:  0    Dex: 12    Spells: 3/4 levels left

rFire   . . .        l - +2 trident
rCold   . . .        (no shield)
rNeg    . . .        a - +0 robe
rPois   +            (no helmet)
rElec   .            (no cloak)
rCorr   .            (no gloves)
SInv    +            (no barding)
Will    .....        (no amulet)
Stlth   ++           (no ring)
HPRegen 0.22/turn    (no ring)
MPRegen 0.08/turn

%: no teleportation
@: very slow
A: AC +0, large, see invisible, deformed body, poison resistance, slowness 2,
spit poison 1, naga tail 1
a: Spit Poison, Renounce Religion


You were in the Dungeon.
You worshipped Cheibriados.
Cheibriados was noncommittal.
You visited 1 branch

Inventory:

Hand Weapons
 l - a +2 trident (weapon)
Armour
 a - a +0 robe (worn)
Scrolls
 g - a scroll of blinking
 i - 2 scrolls of vulnerability
 j - 5 scrolls of amnesia
 k - a scroll of summoning
Potions
 b - 5 potions of magic
 c - a potion of curing
 d - a potion of heal wounds
 e - a potion of haste
 f - 3 potions of berserk rage
 h - 2 potions of invisibility


   Skills:
 + Level 0.2 Fighting
 + Level 0.1 Polearms
 + Level 1.6 Dodging
 + Level 3.1 Stealth
 + Level 2.1 Spellcasting
 - Level 1.0 Transmutations
 + Level 4.4 Poison Magic
 + Level 0.2 Invocations


You had 3 spell levels left.
You knew the following spells:

 Your Spells              Type           Power      Damage    Failure   Level
a - Sting                 Tmut/Pois      40%        1d5       7%          1

Your spell library contained the following spells:

 Spells                   Type           Power      Damage    Failure   Level
 Poisonous Vapours        Pois/Air       16%        N/A       13%         2
 Mephitic Cloud           Conj/Pois/Air  6%         N/A       32%         3
 Olgreb's Toxic Radiance  Pois           15%        N/A       32%         4


Dungeon Overview and Level Annotations

Branches:
Dungeon (1/1)

Altars:
Ashenzari
Cheibriados
Dithmenos
Elyvilon
Fedhas
Gozag
Hepliaklqana
Kikubaaqudgha
Makhleb
Nemelex Xobeh
Okawaru
Qazlal
Ru
Sif Muna
Trog
Uskayaw
Vehumet
Wu Jian
Xom
Yredelemnul
Zin
The Shining One
Jiyva
Lugonu


Innate Abilities, Weirdness & Mutations

Your serpentine skin is tough. (AC +0)
You have supernaturally acute eyesight. (SInv)
Armour fits poorly on your strangely shaped body.
Your system is resistant to poisons. (rPois)
You cover ground very slowly.
You can spit poison.
You have a snake-like lower body.


Message History

Confirm with . or Enter, or press ? or * to list all spells.
Aiming: Sting (safe; 7% risk of failure)
Press: ? - help, Shift-Dir - straight line, f/p - gnoll
Aim: a gnoll, wielding a +0 spear (moderately wounded, poisoned, 75% to hit)
Okay, then.
The giant cockroach zombie bites you.
You barely miss the giant cockroach zombie.
The giant cockroach zombie bites you.
You hit the giant cockroach zombie.
The giant cockroach zombie is severely damaged.
The giant cockroach zombie closely misses you.
You barely miss the giant cockroach zombie.
The giant cockroach zombie is severely damaged.
The giant cockroach zombie barely misses you. x2
You hit the giant cockroach zombie but do no damage.
The giant cockroach zombie is severely damaged.
The gnoll looks more healthy.
The giant cockroach zombie bites you.
You hit the giant cockroach zombie.
You destroy the giant cockroach zombie!
Cheibriados appreciates the change of pace.
You barely miss the gnoll.
The gnoll is severely wounded.
The gnoll hits you with a +0 spear!
Unknown command.
Casting: Sting (safe; 7% risk of failure)
Confirm with . or Enter, or press ? or * to list all spells.
Aiming: Sting (safe; 7% risk of failure)
Press: ? - help, Shift-Dir - straight line, f/p - gnoll
Aim: a gnoll, wielding a +0 spear (severely wounded, 75% to hit)
The sting misses the gnoll.
The gnoll hits you with a +0 spear.
Unknown command.
Casting: Sting (safe; 7% risk of failure)
Confirm with . or Enter, or press ? or * to list all spells.
Aiming: Sting (safe; 7% risk of failure)
Press: ? - help, Shift-Dir - straight line, f/p - gnoll
Aim: a gnoll, wielding a +0 spear (severely wounded, 75% to hit)
The sting hits the gnoll.
The gnoll is poisoned.
The gnoll is almost dead.
The gnoll hits you with a +0 spear!
You die...

############
#_________.#
#_________.#
#_______...###########+
##########'##..........
#..(.')))'.##......#..#
##########.##..........
#.....@.....'..........
#+#####g#####......#..#
#..g..# #..........
#.....# ####'#####+
###+### #.......#
#.......# #.......#
#...<...# #.......#


You could see a gnoll (poisoned).

Vanquished Creatures
  A ball python skeleton (D)
  A giant cockroach zombie (D)
2 creatures vanquished.

Notes
Turn   | Place    | Note
-------+----------+-------------------------------------------
     0 | D        | rocky1 the Naga Venom Mage began the quest for the Orb.
     0 | D        | Reached XP level 1. HP: 15/15 MP: 3/3
    75 | D        | Found a bloodstained altar of Trog.
    75 | D        | Found a shimmering blue altar of Sif Muna.
    75 | D        | Found a viscous altar of Jiyva.
    75 | D        | Found a hazy altar of Hepliaklqana.
    75 | D        | Found an opulent altar of Gozag.
    76 | D        | Found a glowing golden altar of the Shining One.
    76 | D        | Found a glowing silver altar of Zin.
    76 | D        | Found a basalt altar of Yredelemnul.
    76 | D        | Found a shimmering altar of Xom.
    76 | D        | Found an ornate altar of the Wu Jian Council.
    76 | D        | Found a sacrificial altar of Ru.
    76 | D        | Found a stormy altar of Qazlal.
    76 | D        | Found an iron altar of Okawaru.
    76 | D        | Found a sparkling altar of Nemelex Xobeh.
    76 | D        | Found a burning altar of Makhleb.
    76 | D        | Found a blossoming altar of Fedhas.
    76 | D        | Found a white marble altar of Elyvilon.
    76 | D        | Found a shadowy altar of Dithmenos.
    76 | D        | Found a snail-covered altar of Cheibriados.
    79 | D        | Found a corrupted altar of Lugonu.
    79 | D        | Found a radiant altar of Vehumet.
    80 | D        | Found an ancient bone altar of Kikubaaqudgha.
    80 | D        | Found a hide-covered altar of Uskayaw.
    80 | D        | Found a broken altar of Ashenzari.
    87 | D        | Became a worshipper of Cheibriados the Contemplative
   114 | D        | Slain by a gnoll

Illustrated notes

Levels and vault maps discovered:
D:        pitsprint [storerooms_1, entrance_room_1, metal_vault_6, armoury_1,
          mini_pit_1, grid_room_1, main_hall_1, silver_pit, the_coven_1,
          the_vestibule_1, steel_vault_2, golden_pit, hallway_of_sentries,
          crystal_vault_4, iron_vault_2, final_vault]

Action                     || total
---------------------------++-------
  Melee: Trident           ||     6
         Unarmed           ||     3
   Cast: Sting             ||     7
 Armour: Robe              ||     7
  Dodge: Dodged            ||     7

Table legend: (Time is in decaauts)
 A = Elapsed time spent in this place.
 B = Non-inter-level travel time spent in this place.
 C = Inter-level travel time spent in this place.
 D = Time resting spent in this place.
 E = Time spent auto-exploring this place.
 F = Levels seen in this place.
 G = Mean time per level.
                   A        B        C        D        E       F      G
               +--------+--------+--------+--------+--------+-----+--------+
         Total |    144 |    144 |      0 |     28 |      0 |   1 |  144.0 |
       Dungeon |    144 |    144 |      0 |     28 |      0 |   1 |  144.0 |
               +--------+--------+--------+--------+--------+-----+--------+

Top non-repeatable levels by time:
       D: 144 daAuts
